 Dungeon Crawl Stone Soup version bcrawl-1.12.2 (webtiles) character file.

Game seed: 8871487007160343462

37 Ebbett the Stinger (level 3, 0/21 HPs)
             Began as an Octopode Venom Mage on July 22, 2019.
             Slain by an ooze (3 damage)
             ... on level 1 of the Dungeon.
             The game lasted 00:02:48 (552 turns).

Ebbett the Stinger (Octopode Venom Mage)             Turns: 552, Time: 00:02:48

Health: 0/21       AC:  1    Str:  7    XL:     3   Next: 41%
Magic:  0/6        EV: 13    Int: 18    God:
Gold:   121        SH:  0    Dex: 12    Spells: 5/6 levels left

rFire    . . .     SeeInvis .   h - +0 mace
rCold    . . .     Gourm    .   (no shield)
rNeg     . . .     Faith    .   (helmet restricted)
rPois    .         Spirit   .   (cloak restricted)
rElec    .         Reflect  .   (no amulet)
rCorr    .         Harm     .   (no ring)
MR       .....                  (no ring)
Stlth    +++.......             (no ring)
HPRegen  0.07/turn              (no ring)
MPRegen  0.10/turn              (no ring)
                                (no ring)
                                (no ring)
                                (no ring)

@: very slightly contaminated
A: almost no armour, stealthy swim, amphibious, 8 rings, constrict 8, camouflage
1, gelatinous body 1
a: no special abilities


You were on level 1 of the Dungeon.
You were not hungry.

You visited 1 branch of the dungeon, and saw 1 of its levels.

You collected 121 gold pieces.

Inventory:

Hand Weapons
 g - a +0 dagger
 h - a +0 mace (weapon)
Scrolls
 e - a scroll of teleportation {unknown}
 f - a scroll of blinking {unknown}
 j - a scroll of identify {unknown}
 l - a scroll of magic mapping {unknown}
 m - a scroll of remove curse {unknown}
Potions
 b - a potion of berserk rage
 c - a potion of degeneration
 i - a potion of flight {unknown}
 k - a potion of agility {unknown}
 n - a potion of cancellation {unknown}
 o - a potion of lignification {unknown}
Comestibles
 a - 9 chunks of flesh
 d - 3 rations {!d}


   Skills:
 + Level 2.1 Dodging
 + Level 3.2 Stealth
 + Level 2.4 Spellcasting
 + Level 1.0 Conjurations
 + Level 4.6 Poison Magic


You had 5 spell levels left.
You knew the following spells:

 Your Spells              Type           Power        Failure   Level  Hunger
a - Sting                 Conj/Pois      ##..         5%          1    #......

Your spell library contained the following spells:

 Spells                   Type           Power        Failure   Level  Hunger
 Poisonous Vapours        Pois/Air       ##....       10%         2    ##.....
 Ignite Poison            Fire/Tmut/Pois #.......     26%         3    ###....
 Olgreb's Toxic Radiance  Pois           ###.....     26%         4    #####..
 Summon Scorpions         Summ/Pois      ##......     54%         4    #####..
 Venom Bolt               Conj/Pois      ##........   83%         5    ######.


Dungeon Overview and Level Annotations

Branches:
Dungeon (1/12)

Altars:


Innate Abilities, Weirdness & Mutations

You cannot wear most types of armour.
You are very stealthy in the water. (Stealth+)
You are amphibious.
You can wear up to eight rings at the same time.
You can use your tentacles to constrict eight enemies at once.
Your skin changes colour to match your surroundings (Stealth+).
Your rubbery body absorbs attacks. (AC +1, EV +1)


Message History

The ooze is lightly wounded.
The ooze barely misses you.
There is an open door here.
Casting: Sting (safe; 5% risk of failure)
Confirm with . or Enter, or press ? or * to list all spells.
Aiming: Sting (safe; 5% risk of failure)
Press: ? - help, Shift-Dir - straight line, f/p - ooze
Aim: an ooze (lightly wounded)
The sting hits the ooze.
The ooze completely resists.
The ooze is lightly wounded.
The ooze hits you but does no damage.
Casting: Sting (safe; 5% risk of failure)
Confirm with . or Enter, or press ? or * to list all spells.
Aiming: Sting (safe; 5% risk of failure)
Press: ? - help, Shift-Dir - straight line, f/p - ooze
Aim: an ooze (lightly wounded)
The sting hits the ooze.
The ooze is moderately wounded.
The ooze hits you.
You die...

##....########.#..#.....#....#
#.....# #.# .#.)...#.##.#
#.....# #.# .#..÷..#.##.#
......# #..#.#.....#..#.#
#...#.# #...##.....#..#.#
#.#.#.# #....######'.##.#
..#.#.# ###'............#
....#.# #J.######.#####
......##########@## #.#...#
.................# #.#.#.#
.................#######.#.#.###
######...######.........>..÷...#
# #...#....#..............#.# #
#...#..<.#.......#......#.# #
##+##....#..####.#.####.#l#
###+##...###'##............#.#.#
+....+..÷'...#........#.#.##.#.#


You could see an ooze.

Vanquished Creatures
  A dart slug (D:1)
  5 leopard geckos (D:1)
  2 bats (D:1)
  A giant cockroach (D:1)
  5 goblins (D:1)
  4 hobgoblins (D:1)
  A ball python (D:1)
  2 kobolds (D:1)
  7 rats (D:1)
28 creatures vanquished.

Notes
Turn   | Place    | Note
-------+----------+-------------------------------------------
     0 | D:1      | Ebbett the Octopode Venom Mage began the quest for the Orb.
     0 | D:1      | Reached XP level 1. HP: 11/11 MP: 3/3
    68 | D:1      | Reached skill level 4 in Poison Magic
   107 | D:1      | Reached XP level 2. HP: 15/17 MP: 3/5
   419 | D:1      | Reached XP level 3. HP: 21/21 MP: 4/6
   552 | D:1      | Slain by an ooze

Skill      XL: |  1 |
---------------+----+-----
Poison Magic   | 4 |  4.6
Dodging        | |  2.1
Stealth        | |  3.2
Spellcasting   | |  2.4
Conjurations   | |  1.0

Action                   || total
-------------------------++-------
Melee: Unarmed           ||     3
       Mace              ||    16
       Constrict         ||     6
       Dagger            ||     1
       Tentacles         ||     1
 Cast: Sting             ||    40
Armor: Skin              ||     9
Dodge: Dodged            ||    29
